 Dungeon Crawl Stone Soup version 0.30-a0-424-g7412bad402 (webtiles) character file.

Game seed: 8543483318525822149

40731 experimilk the Devastator (level 13, -5/94 HPs)
             Began as a Pale Draconian Conjurer on Dec 8, 2022.
             Was an Elder of Vehumet.
             Slain by a black mamba (12 damage)
             ... on level 5 of the Lair of Beasts on Dec 9, 2022.
             The game lasted 01:15:54 (26628 turns).

experimilk the Devastator (DrCj)                   Turns: 26628, Time: 01:15:54

Health: -5/94      AC: 11    Str: 16    XL:     13   Next: 76%
Magic:  8/30       EV: 12    Int: 24    God:    Vehumet [****..]
Gold:   654        SH:  5    Dex:  9    Spells: 2/38 levels left

rFire   . . .      SeeInvis .    n - +2 quarterstaff (chaos)
rCold   . . .      Faith    .    (shield currently unavailable)
rNeg    . . .      Spirit   .    (body armour unavailable)
rPois   .          Reflect  +    (helmet restricted)
rElec   .          Harm     .    i - +2 cloak
rCorr   .          Rampage  .    (no gloves)
Will    .....                    (no boots)
Stlth   ++........               N - amulet of reflection
HPRegen 0.35/turn                k - +4 ring of protection
MPRegen 0.22/turn                w - +6 ring of strength

@: lethally poisoned (-5 -> -23), corroded, studying Maces & Flails
A: breathe steam, AC +8, unfitting armour, cold-blooded, steam resistance
a: Breathe Steam, Renounce Religion


You were on level 5 of the Lair of Beasts.
You worshipped Vehumet.
Vehumet was greatly pleased with you.
You visited 3 branches of the dungeon, and saw 17 of its levels.

You collected 814 gold pieces.
You spent 160 gold pieces at shops.

Inventory:

Hand Weapons
 b - a +0 short sword
 n - a +2 quarterstaff of chaos (weapon)
 E - a +2 whip of flaming
Armour
 i - a +2 cloak (worn)
Jewellery
 k - a +4 ring of protection (left hand)
 v - a +4 ring of protection
 w - a +6 ring of strength (right hand)
 x - a +4 ring of protection
 y - a ring of willpower
 N - an amulet of reflection (around neck)
 S - an amulet of guardian spirit
 U - a ring of protection from cold
Wands
 a - a wand of roots (34)
 d - a wand of flame (35)
 r - a wand of charming (41)
 B - a wand of light (10)
 G - a wand of digging (7)
 R - a wand of polymorph (6)
Scrolls
 c - 4 scrolls of fear
 h - 4 scrolls of teleportation
 q - a scroll of enchant weapon
 s - a scroll of acquirement {unknown}
 u - 2 scrolls of amnesia
 A - a scroll of silence
 C - a scroll of torment
 F - 2 scrolls of fog
 I - a scroll of magic mapping {unknown}
 J - a scroll of summoning {unknown}
 K - a scroll of immolation
 M - 2 scrolls of enchant armour
 O - a scroll of poison {unknown}
 Q - a scroll of brand weapon {unknown}
 T - 2 scrolls of vulnerability {unknown}
Potions
 f - 8 potions of flight
 g - 3 potions of mutation
 l - a potion of brilliance
 m - 4 potions of invisibility
 o - 2 potions of curing
 p - 2 potions of haste
 t - 2 potions of might
 z - 2 potions of cancellation
 D - 2 potions of ambrosia {unknown}
 H - a potion of resistance {unknown}
 P - a potion of lignification {unknown}
Miscellaneous
 e - a condenser vane (inert)
 L - a box of beasts


   Skills:
 - Level 3.0 Fighting
 - Level 1.7 Dodging
 - Level 1.7 Stealth
 * Level 13.3 Spellcasting
 - Level 15.0 Conjurations
 - Level 6.0 Necromancy
 - Level 3.0 Translocations
 + Level 10.3 Fire Magic
 + Level 5.8 Evocations


You had 2 spell levels left.
You knew the following spells:

 Your Spells              Type           Power      Damage    Failure   Level
a - Sticky Flame          Conj/Fire      67%        2d8       1%          4
b - Magic Dart            Conj           100%       1d8       0%          1
c - Iskenderun's Battles  Conj           73%        2d12      1%          5
d - Starburst             Conj/Fire      33%        6d10      1%          6
m - Sublimation of Blood  Necr           44%        N/A       1%          2
q - Passage of Golubria   Tloc           30%        N/A       11%         4
s - Fireball              Conj/Fire      33%        3d14      1%          5
v - Stone Arrow           Conj/Erth      100%       3d13      1%          3
x - Iskenderun's Mystic   Conj/Tloc      56%        2d12      1%          4
z - Searing Ray           Conj           100%       2d8       0%          2

Your spell library contained the following spells:

 Spells                   Type           Power      Damage    Failure   Level
 Sandblast                Erth           30%        2d9       1%          1
 Passwall                 Tmut/Erth      12%        N/A       6%          2
 Wereblood                Tmut           15%        N/A       6%          2
 Dazzling Flash           Conj/Hex       100%       N/A       1%          3
 Ignite Poison            Fire/Tmut/Pois 32%        N/A       1%          3
 Mephitic Cloud           Conj/Pois/Air  39%        N/A       1%          3
 Fulminant Prism          Conj/Hex       25%        3d14      1%          4
 Orb of Destruction       Conj           36%        9d11      1%          7
 Portal Projectile        Hex/Tloc       46%        N/A       6%          3
 Conjure Ball Lightning   Conj/Air       25%        3x3d8     7%          6
 Call Canine Familiar     Summ           15%        N/A       12%         3
 Tukima's Dance           Hex            15%        N/A       12%         3
 Yara's Violent Unravell  Hex/Tmut       7%         3d5       26%         5
 Leda's Liquefaction      Hex/Erth       7%         N/A       36%         4
 Ignition                 Fire           30%        3d10      63%         8
 Summon Hydra             Summ           7%         N/A       100%        7


Dungeon Overview and Level Annotations

Branches:
Dungeon (11/15)            Temple (1/1) D:7            Lair (5/5) D:10
  Swamp (0/4) Lair:2       Spider (0/4) Lair:3          Orc (0/2) D:9
  Slime: Lair:4-5

Altars:
Ashenzari
Cheibriados
Dithmenos
Elyvilon
Gozag
Hepliaklqana
Kikubaaqudgha
Makhleb
Nemelex Xobeh
Qazlal
Ru
Trog
Vehumet
Wu Jian
Xom
Yredelemnul
Zin
The Shining One

Shops:
D:5 !

Annotations:
Lair:5 exclusion: oklob plant


Innate Abilities, Weirdness & Mutations

You can breathe blasts of scalding, opaque steam.
Your pale cyan-grey scales are hard. (AC +8)
You cannot fit into any form of body armour.
You are cold-blooded and may be slowed by cold attacks.
You are immune to the effects of steam.


Message History

Marking area around an oklob plant as unsafe for travelling.
The black mamba hisses angrily.
The oklob plant spits acid at you. The splash of acid hits you!!
* * * LOW HITPOINT WARNING * * *
The acid corrodes you!
Casting: Magic Dart (safe; 0% risk of failure)
Confirm with . or Enter, or press ? or * to list all spells.
Aiming: Searing Ray (safe; 0% risk of failure)
Press: ? - help, Shift-Dir - straight line, f - black mamba
Aim: a black mamba (72% to hit)
The searing ray hits the black mamba.
The black mamba is lightly wounded. (Press . to maintain the ray.)
The black mamba completely misses you.
Casting: Searing Ray (safe; 0% risk of failure)
Confirm with . or Enter, or press ? or * to list all spells.
Aiming: Sticky Flame (safe; 1% risk of failure)
Press: ? - help, Shift-Dir - straight line, f/p - black mamba
Aim: a black mamba (lightly wounded)
The sticky flame hits the black mamba!
The black mamba is moderately wounded.
The black mamba is covered in liquid flames!
The black mamba burns!
The black mamba bites you!
* * * LOW HITPOINT WARNING * * *
You block the black mamba's attack.
Unknown command.
You barely miss the black mamba.
The black mamba is heavily wounded.
The black mamba burns! x2; The black mamba closely misses you.
The black mamba bites you but does no damage.
You barely miss the black mamba.
You tail-slap the black mamba, but do no damage.
The black mamba is severely wounded.
The black mamba burns!
The black mamba bites you.
* * * LOW HITPOINT WARNING * * *
You are lethally poisoned!
The black mamba poisons you! The black mamba misses you.
The black mamba bites you!
You die...

..##. .....P....†..:.. P.÷..
................ .....
................ # ..PF.
................ # .P...
..........!...... .....
.................S ####
.................. .P.#
.................. ....
.......##@S....... ....
.........P......... ....
...#................ ....
...#................. .... #
##............................. #
...............................
###..............................
#.#P....P........................
......#.................P........


You could see a black mamba (burning).

Vanquished Creatures
  Snorg (Lair:3)
  Josephine (Lair:5)
  3 hydras
  2 two-headed ogres
  A boulder beetle (Lair:3)
  12 death yaks
  Urug (Lair:3)
  Nergalle (Lair:3)
  Pikel (D:7)
  A will-o-the-wisp (Lair:2)
  16 elephants
  A manticore (D:11)
  2 black mambas
  8 cane toads
  5 komodo dragons
  A yaktaur (D:8)
  Maggie (D:7)
  A kobold demonologist (D:10)
  5 rime drakes
  A troll (D:10)
  4 polar bears
  3 hornets (D:10)
  3 blink frogs (Lair:2)
  Grinder (D:6)
  Prince Ribbit (D:7)
  Sigmund (D:5)
  A shadow (D:9)
  4 wyverns
  3 wraiths (Lair:5)
  19 yaks
  4 fire bats (Lair:2)
  5 basilisks
  A steam dragon (Lair:1)
  4 vampire mosquitoes (D:11)
  12 water moccasins
  An orc warrior (D:6)
  An ice beast (D:5)
  4 black bears
  2 sky beasts (D:6)
  16 wolves
  6 centaurs
  A phantom (D:5)
  A kobold brigand (D:11)
  5 scorpions
  8 bullfrogs
  4 necrophages
  2 oklob saplings (D:10)
  2 howler monkeys (D:6)
  7 electric eels
  9 hounds
  A jelly (D:4)
  2 gnoll boudas
  Crazy Yiuf (D:2)
  6 orc priests
  An iron imp (D:4)
  Terence (D:2)
  3 iguanas
  11 orc wizards
  Robin (D:2)
  18 gnolls
  11 adders
  2 shadow imps
  A white imp (D:5)
  An ufetubus (D:5)
  A worm (D:2)
  3 dart slugs
  32 orcs
  2 bat zombies (D:4)
  8 endoplasms
  A giant cockroach (D:2)
  18 goblins
  8 hobgoblins
  3 jackals (D:5)
  2 quokkas
  16 ball pythons
  7 bats
  3 frilled lizards
  15 kobolds
  6 rats
  2 rat zombies (D:4)
  2 butterflies (Lair:5)
389 creatures vanquished.

Vanquished Creatures (collateral kills)
  A centaur (D:10)
1 creature vanquished.

Vanquished Creatures (others)
  2 foxfires (Lair:2)
  25 fungi
  77 plants
104 creatures vanquished.

Grand Total: 494 creatures vanquished

Notes
Turn   | Place    | Note
-------+----------+-------------------------------------------
     0 | D:1      | experimilk the Draconian Conjurer began the quest for the
                  | Orb.
     0 | D:1      | Reached XP level 1. HP: 14/14 MP: 3/3
   204 | D:1      | Reached XP level 2. HP: 20/20 MP: 0/5
   207 | D:1      | Learned a level 2 spell: Searing Ray
  1166 | D:2      | Reached skill level 5 in Conjurations
  1166 | D:2      | Reached XP level 3. HP: 26/26 MP: 1/6
  1496 | D:2      | Reached XP level 4. HP: 33/33 MP: 3/7
  1501 | D:2      | Learned a level 4 spell: Iskenderun's Mystic Blast
  1869 | D:2      | Noticed Robin
  2194 | D:2      | Killed Robin
  2195 | D:2      | Reached skill level 6 in Conjurations
  2506 | D:2      | Found a faded altar of an unknown god.
  2724 | D:2      | Noticed Terence
  2727 | D:2      | Killed Terence
  2728 | D:2      | Reached XP level 5. HP: 38/38 MP: 3/8
  3032 | D:2      | Found a runed translucent door.
  3033 | D:2      | Noticed Crazy Yiuf
  3122 | D:2      | Killed Crazy Yiuf
  3409 | D:3      | Identified the +1 scale mail of Pan-Flutes {rElec rF+ Dex+3
                  | SInv}
  3526 | D:3      | Reached skill level 7 in Conjurations
  3815 | D:3      | Found a sparkling altar of Nemelex Xobeh.
  3817 | D:3      | Found a radiant altar of Vehumet.
  3817 | D:3      | Found a glowing silver altar of Zin.
  3819 | D:3      | Found a shadowy altar of Dithmenos.
  3819 | D:3      | Found a hazy altar of Hepliaklqana.
  3819 | D:3      | Found a shimmering altar of Xom.
  4127 | D:3      | Found a sparkling altar of Nemelex Xobeh.
  4154 | D:4      | Found a snail-covered altar of Cheibriados.
  4225 | D:4      | Reached XP level 6. HP: 45/45 MP: 4/9
  4386 | D:4      | Reached skill level 8 in Conjurations
  4804 | D:4      | Your scales start taking on a pale cyan-grey colour.
  4804 | D:4      | Reached XP level 7. HP: 50/50 MP: 2/10
  4804 | D:4      | Gained mutation: You are immune to the effects of steam.
                  | [Pale Draconian growth]
  5188 | D:4      | Found an ancient bone altar of Kikubaaqudgha.
  5229 | D:5      | Entered Level 5 of the Dungeon
  5297 | D:5      | Reached skill level 9 in Conjurations
  5381 | D:5      | Noticed Sigmund
  5428 | D:5      | Killed Sigmund
  5429 | D:5      | Reached skill level 1 in Fighting
  5814 | D:5      | Reached XP level 8. HP: 62/62 MP: 2/12
  5997 | D:5      | Reached skill level 10 in Conjurations
  6406 | D:5      | Found Ekeut's Distillery.
  6414 | D:5      | Bought a potion of brilliance for 40 gold pieces
  6414 | D:5      | Bought a potion of cancellation for 80 gold pieces
  6414 | D:5      | Bought a potion of degeneration for 10 gold pieces
  6419 | D:5      | Bought a potion of curing for 30 gold pieces
  6437 | D:5      | Learned a level 3 spell: Stone Arrow
  7469 | D:6      | Noticed Grinder
  7473 | D:6      | Killed Grinder
  7874 | D:5      | Learned a level 4 spell: Sticky Flame
  8017 | D:6      | Reached skill level 1 in Fire Magic
  8106 | D:6      | Noticed a two-headed ogre
  8113 | D:6      | Killed a two-headed ogre
  8114 | D:6      | Reached skill level 5 in Spellcasting
  8114 | D:6      | Reached skill level 11 in Conjurations
  8114 | D:6      | Reached XP level 9. HP: 33/69 MP: 6/17
  9162 | D:6      | Learned a level 6 spell: Starburst
  9551 | D:7      | Found a staircase to the Ecumenical Temple.
  9560 | Temple   | Entered the Ecumenical Temple
  9560 | Temple   | Noticed a balrug
  9560 | Temple   | Noticed a red devil
  9561 | Temple   | Noticed a reaper
  9561 | Temple   | Noticed Vastymp the pandemonium lord
  9561 | Temple   | Noticed Womeufod the pandemonium lord
  9561 | Temple   | Noticed a rust devil
  9564 | Temple   | Noticed Zuiwee Itur the pandemonium lord
  9564 | Temple   | Noticed a tormentor
  9600 | Temple   | Noticed a hell beast
  9603 | Temple   | Noticed an orange demon
  9605 | Temple   | Noticed Otedadinn the pandemonium lord
  9626 | Temple   | Became a worshipper of Vehumet
  9640 | Temple   | Noticed Osakhleot the pandemonium lord
  9662 | D:7      | Found a glowing silver altar of Zin.
  9751 | D:7      | Reached skill level 12 in Conjurations
 10156 | D:7      | Noticed Prince Ribbit
 10159 | D:7      | Killed Prince Ribbit
 10252 | D:7      | Noticed Pikel
 10256 | D:7      | Killed Pikel
 10260 | D:7      | Noticed Maggie
 10267 | D:7      | Killed Maggie
 10268 | D:7      | Reached XP level 10. HP: 77/77 MP: 0/19
 10737 | D:7      | Learned a level 2 spell: Sublimation of Blood
 11133 | D:8      | Found a faded altar of an unknown god.
 11133 | D:8      | Found the Hermit's Pendant {Faith Invo=14 Evo=0 MP+5}
 11146 | D:8      | Reached skill level 1 in Necromancy
 12526 | D:9      | Reached * piety under Vehumet
 12526 | D:9      | Offered knowledge of Foxfire by Vehumet.
 12581 | D:9      | Found a staircase to the Orcish Mines.
 12728 | D:9      | You fall into a shaft and drop 1 floor!
 12728 | D:10     | Entered Level 10 of the Dungeon
 12728 | D:10     | Upgraded the game from 0.30-a0-422-g946f4849ff to
                  | 0.30-a0-424-g7412bad402
 12740 | D:10     | Noticed a two-headed ogre
 13246 | D:10     | Killed a two-headed ogre
 13247 | D:10     | Reached skill level 5 in Fire Magic
 13362 | D:10     | Noticed a soul eater
 13633 | D:9      | Reached skill level 1 in Evocations
 13958 | D:10     | Reached skill level 13 in Conjurations
 14021 | D:10     | Reached skill level 5 in Necromancy
 14250 | D:10     | Found a staircase to the Lair.
 14340 | D:10     | Found a sacrificial altar of Ru.
 14371 | D:10     | Reached ** piety under Vehumet
 14371 | D:10     | Offered knowledge of Freeze by Vehumet.
 14386 | D:10     | Reached XP level 11. HP: 45/82 MP: 1/22
 16503 | Lair:1   | Entered Level 1 of the Lair of Beasts
 17072 | Lair:1   | Noticed a death yak
 17073 | Lair:1   | Noticed a death yak
 17100 | Lair:1   | Killed a death yak
 17101 | Lair:1   | Reached skill level 14 in Conjurations
 17103 | Lair:1   | Noticed a death yak
 17103 | Lair:1   | Noticed a death yak
 17364 | Lair:1   | Killed a death yak
 17382 | D:10     | Killed a death yak
 17689 | Lair:1   | Killed a death yak
 18133 | Lair:1   | Reached XP level 12. HP: 89/89 MP: 15/25
 18231 | Lair:1   | Identified the +2 ring mail of Weirdness {Dex+5}
 18575 | Lair:2   | Offered knowledge of Frozen Ramparts by Vehumet.
 18783 | Lair:2   | Reached skill level 10 in Spellcasting
 19203 | Lair:2   | Found a staircase to the Swamp.
 19209 | Lair:2   | Reached skill level 15 in Conjurations
 19256 | Lair:2   | Reached *** piety under Vehumet
 19262 | Lair:2   | Learned a level 4 spell: Passage of Golubria
 19307 | Lair:2   | Reached skill level 1 in Translocations
 19649 | Lair:2   | Identified the +0 plate armour of Noughts and Crosses
                  | {rCorr Int+3 Slay+3}
 20502 | Lair:3   | Noticed Snorg
 20502 | Lair:3   | Noticed a boulder beetle
 20745 | Lair:3   | Killed a boulder beetle
 20765 | Lair:3   | Killed Snorg
 21218 | Lair:3   | Noticed Urug
 21226 | Lair:3   | Killed Urug
 21237 | Lair:3   | Noticed a six-headed hydra
 21263 | Lair:3   | Killed a six-headed hydra
 21612 | Lair:3   | Noticed Nergalle
 21620 | Lair:3   | Killed Nergalle
 21725 | Lair:3   | Noticed a death yak
 21726 | Lair:3   | Noticed a death yak
 21727 | Lair:3   | Noticed a death yak
 21732 | Lair:3   | Noticed a death yak
 21732 | Lair:3   | Noticed a death yak
 21734 | Lair:3   | Killed a death yak
 21734 | Lair:3   | Offered knowledge of Mephitic Cloud by Vehumet.
 21735 | Lair:3   | Reached XP level 13. HP: 53/94 MP: 22/29
 21748 | Lair:3   | HP: 2/94 [death yak (18)]
 22156 | Lair:3   | Learned a level 3 spell: Mephitic Cloud
 22172 | Lair:3   | Learned a level 3 spell: Ignite Poison
 22199 | Lair:3   | Found a hole to the Spider Nest.
 23023 | Lair:4   | Identified the +1 pair of gloves of the Moon {rN+}
 24290 | Lair:5   | Entered Level 5 of the Lair of Beasts
 25732 | Lair:5   | Noticed Josephine
 25741 | Lair:5   | Killed Josephine
 25748 | Lair:5   | Reached skill level 5 in Evocations
 26318 | Lair:5   | Reached skill level 10 in Fire Magic
 26474 | Lair:5   | Reached **** piety under Vehumet
 26481 | Lair:5   | Learned a level 5 spell: Fireball
 26489 | Lair:5   | Learned a level 5 spell: Iskenderun's Battlesphere
 26628 | Lair:5   | Slain by a black mamba

Illustrated notes

Levels and vault maps discovered:
D:1:      sevenhm_arrival_forest_fort_large_2, layout_loops_ring,
          minmay_liquid_box
D:2:      layout_loops_ring, shapermc_ecumenical_altar_venn,
          uniq_crazy_yiuf_cottage, uniq_terence, uniq_robin
D:3:      layout_basic, doesnt_xom_only_xom, nemelex_dance_club_becter,
          minmay_quantized
D:4:      layout_rooms, slow_altar_1, lemuel_zombie_altar_kikubaaqudgha,
          kennysheep_orc_sif_temple, kennysheep_doodads, minmay_manual_maat
D:5:      layout_cave_pools, serial_shops, shop_fountains, serial_bayou_pond_a,
          uniq_sigmund
D:6:      layout_loops_corners, uniq_grinder
D:7:      layout_loops_cross, zin_academy, minmay_temple_entry_drinking_statues,
          uniq_maggie, uniq_pikel, uniq_prince_ribbit1
D:8:      cheibrodos_quashed, layout_layer_cave, enter_bailey_7,
          nicolae_kite_square_tiling_tiny, hellmonk_guarded_unrand_hermit
D:9:      layout_cave_pods, david_orc_2
D:10:     layout_cave_pools, hangedman_ru_absence, erik_lair_island,
          introduction_to_nature_1
D:11:     layout_basic, gammafunk_ghost_hydra_chop, columned_hall_lemuel
Temple:   nicolae_temple_panitentiary
Lair:1:   layout_loops_ring, grunt_forest_small_clearing_treed
Lair:2:   layout_gridlike, minmay_swamp_entry_wisps, serial_bayou,
          serial_bayou_lagoon_a, serial_bayou_shore_b, serial_bayou_ford_a,
          serial_bayou_crossing
Lair:3:   layout_hall_layers, dummy_spider_entry, enter_volcano_2, uniq_snorg,
          uniq_urug, uniq_nergalle
Lair:4:   layout_cave_pods
Lair:5:   grunt_lair_end_beastmaster, layout_gridlike,
          minmay_slime_entry_oklob_open, cheibrodos_lair_lostbears,
          serial_bayou_shore_a, serial_bayou_shore_b, lemuel_fruit_fields,
          infiniplex_staircase_pool, uniq_josephine

Skill      XL: |  1  2  3  4  5  6  7  8  9 10 11 12 13 |
---------------+----------------------------------------+-----
Conjurations   | 5 6 7 8 9 11 12 13 14 15 | 15.0
Fighting       | 2 3 |  3.0
Spellcasting   | 3 5 6 7 9 12 13 | 13.3
Fire Magic     | 3 4 5 6 8 10 | 10.3
Necromancy     | 5 6 |  6.0
Evocations     | 1 3 5 |  5.8
Translocations | 3 |  3.0
Dodging        | |  1.7
Stealth        | |  1.7

Action                   |  1- 3 |  4- 6 |  7- 9 | 10-12 | 13-15 || total
-------------------------+-------+-------+-------+-------+-------++-------
Melee: Short sword       |     5 |     2 |       |       |       ||     7
       Quarterstaff      |       |     9 |    67 |    96 |    40 ||   212
       Tailslap          |       |       |     7 |    11 |     9 ||    27
 Cast: Magic Dart        |    41 |    83 |    43 |   111 |    36 ||   314
       Searing Ray       |     6 |    22 |    14 |     8 |     2 ||    52
       Stone Arrow       |       |       |    55 |   161 |    50 ||   266
       Iskenderun's Myst |       |       |     2 |    25 |    18 ||    45
       Sticky Flame      |       |       |     8 |    50 |    25 ||    83
       Sublimation of Bl |       |       |       |     2 |     1 ||     3
       Starburst         |       |       |       |     3 |     5 ||     8
       Mephitic Cloud    |       |       |       |       |    11 ||    11
       Ignite Poison     |       |       |       |       |     7 ||     7
       Fireball          |       |       |       |       |     4 ||     4
       Iskenderun's Batt |       |       |       |       |     2 ||     2
 Abil: Breathe Steam     |       |       |    15 |    39 |    19 ||    73
Evoke: Box of beasts     |       |       |       |     2 |     1 ||     3
       Wand              |       |       |       |     6 |     2 ||     8
       Condenser vane    |       |       |       |     1 |     1 ||     2
  Use: Scroll            |     2 |     3 |     5 |    11 |     5 ||    26
       Potion            |       |     1 |     2 |     2 |     6 ||    11
 Stab: Confused          |       |       |       |       |     1 ||     1
Armor: Skin              |     9 |     9 |    44 |   132 |    36 ||   230
Dodge: Dodged            |     3 |    12 |    59 |   154 |    43 ||   271
Block: Other             |       |       |       |    21 |    17 ||    38
       Reflection        |       |       |       |     1 |       ||     1

Table legend: (Time is in decaauts)
 A = Elapsed time spent in this place.
 B = Non-inter-level travel time spent in this place.
 C = Inter-level travel time spent in this place.
 D = Time resting spent in this place.
 E = Time spent auto-exploring this place.
 F = Levels seen in this place.
 G = Mean time per level.
                   A        B        C        D        E       F      G
               +--------+--------+--------+--------+--------+-----+--------+
         Total |  26724 |  26245 |    479 |  11763 |  11645 |  17 | 1572.0 |
       Dungeon |  17024 |  16677 |    347 |   6786 |   8200 |  11 | 1547.6 |
        Temple |     85 |     67 |     18 |      0 |     45 |   1 |   85.0 |
          Lair |   9614 |   9500 |    114 |   4977 |   3399 |   5 | 1922.8 |
               +--------+--------+--------+--------+--------+-----+--------+

Top non-repeatable levels by time:
  Lair:2: 2840 daAuts
    D:10: 2775 daAuts
  Lair:4: 2440 daAuts
     D:2: 2285 daAuts
     D:6: 1933 daAuts
     D:5: 1661 daAuts
     D:4: 1652 daAuts
  Lair:3: 1579 daAuts
     D:8: 1498 daAuts
  Lair:1: 1445 daAuts
  Lair:5: 1309 daAuts
     D:9: 1307 daAuts
     D:7: 1260 daAuts
     D:1: 1091 daAuts
    D:11: 788 daAuts
